 Dungeon Crawl Stone Soup version 0.28-a0-793-g31680bbd8b (webtiles) character file.

Game seed: 15364218804546227355

784 EnegeticOcto the Skirmisher (level 8, -3/64 HPs)
             Began as a Djinni Delver on Nov 5, 2021.
             Was a Believer of Yredelemnul.
             Slain by an ogre (16 damage)
             ... on level 6 of the Dungeon.
             The game lasted 00:07:35 (6435 turns).

EnegeticOcto the Skirmisher (Djinni Delver)         Turns: 6435, Time: 00:07:35

Health: -3/64      AC:  6    Str: 12    XL:     8   Next: 11%
Gold:   249        EV: 12    Int: 13    God:    Yredelemnul [**....] SH:  0 Dex: 15

rFire   + + +      SeeInvis .   p - +4 quarterstaff (chaos)
rCold   x . .      Faith    .   (shield currently unavailable)
rNeg    . . .      Spirit   .   h - +1 leather armour {rF+}
rPois   ∞          Reflect  .   i - +0 helmet
rElec   .          Harm     .   o - +0 cloak
rCorr   .          Rampage  .   (no gloves)
Will    +....                   (boots unavailable)
Stlth   ++........              (no amulet)
HPRegen 0.20/turn               l - ring of willpower
MPRegen 0.00/turn               (no ring)

@: flying
A: sickness immunity, fire resistance 2, cold vulnerability 1, float, innate
caster, hp casting, extra vitality 1
a: Renounce Religion, Animate Remains, Recall Undead Slaves, Injury Mirror


You were on level 6 of the Dungeon.
You worshipped Yredelemnul.
Yredelemnul was pleased with you.
You visited 1 branch of the dungeon, and saw 6 of its levels.

You collected 249 gold pieces.

Inventory:

Hand Weapons
 a - a +0 falchion
 e - a +0 dagger of venom
   (You took it off a goblin on level 3 of the Dungeon)
 k - a +0 scimitar
   (You found it on level 1 of the Dungeon)
 p - a +4 quarterstaff of chaos (weapon)
   (You took it off Crazy Yiuf on level 2 of the Dungeon)
Missiles
 d - 25 poisoned darts (quivered)
Armour
 h - a +1 leather armour of fire resistance (worn)
   (You found it on level 4 of the Dungeon)
 i - a +0 helmet (worn)
   (You found it on level 4 of the Dungeon)
 o - a +0 cloak (worn)
   (You took it off Crazy Yiuf on level 2 of the Dungeon)
Jewellery
 l - a ring of willpower (left hand)
   (You found it on level 1 of the Dungeon)
Wands
 g - a wand of digging (3) {@v3}
Scrolls
 c - a scroll of fog {!r}
 j - 2 scrolls of immolation
 q - 2 scrolls of magic mapping {@r5 !r}
 r - a scroll of enchant weapon {unknown}
 s - a scroll of amnesia {unknown}
 u - a scroll of teleportation {unknown}
 v - a scroll of fear {!r}
 x - a scroll of vulnerability {unknown}
 y - a scroll of holy word {unknown}
Potions
 b - 2 potions of magic {unknown}
 f - a potion of haste {@q4 !q}
 m - a potion of curing {unknown}
 n - 2 potions of attraction {unknown}
 t - a potion of might {unknown}
 w - a potion of mutation {unknown}


   Skills:
 + Level 7.1 Fighting
 - Level 5.3 Long Blades
 - Level 2.1 Dodging
 - Level 4.1 Stealth


You had one spell level left.
You knew the following spells:

 Your Spells              Type           Power      Damage    Failure   Level
a - Summon Small Mammal   Summ           0%         N/A       36%         1
b - Searing Ray           Conj           0%         2d4       52%         2
c - Ozocubu's Armour      Ice            0%         N/A       75%         3
Your spell library was empty.

Dungeon Overview and Level Annotations

Branches:
Dungeon (6/15)
 Temple: D:4-7

Altars:
Makhleb
Uskayaw
Vehumet
Yredelemnul


Innate Abilities, Weirdness & Mutations

You are immune to sickness and miasma.
You are immune to poison.
Your flesh is very heat resistant. (rF++)
You are vulnerable to cold. (rC-)
You float through the air rather than walking.
You learn spells naturally, not from books.
Your magical power is your life essence.
You have superior vitality. (+4 HP)


Message History

The orc shouts!
The orc hits you with a +0 hand axe.
You closely miss the orc. The orc barely misses you. The orc misses you.
You hit the orc.
The orc is heavily wounded.
The orc closely misses you. The orc barely misses you.
You hit the orc. You freeze the orc.
You kill the orc!
Yredelemnul accepts your kill. The orc closely misses you.
The orc barely misses you.
You sock the orc!
You kill the orc!
Yredelemnul accepts your kill. The orc hits you but does no damage.
You closely miss the orc. The orc hits you with a +0 hand axe.
The orc hits you but does no damage.
You hit the orc.
The orc is poisoned.
The orc is moderately wounded.
The orc completely misses you.
You sock the orc! You burn the orc.
You kill the orc!
Yredelemnul accepts your kill.
No target in view!
No target in view!
No target in view!
No target in view!
No target in view!
No target in view!
No target in view!
No target in view!
No target in view!
HP restored.
Things that are here:
a +0 mace; an orc corpse
Items here: ( ) [ †.
Found a runed hand axe.
An orc comes into view. It is wielding a +0 dagger.
An orc is nearby!
Found a leather armour. 2 orcs come into view.
The orc shouts!
Found a stone staircase leading up.
Found a runed spear.
The orc shouts! x2
The orc hits you with a +0 dagger.
You sock the orc!
The orc is poisoned.
The orc is almost dead.
You kill the orc!
Yredelemnul accepts your kill. The orc hits you but does no damage.
You hit the orc. You burn the orc.
The orc is almost dead.
The orc barely misses you. The orc hits you with a +0 short sword.
The orc barely misses you. The orc hits you but does no damage.
You sock the orc!
You feel better.
You kill the orc!
Yredelemnul accepts your kill. The orc hits you with a +0 short sword.
You sock the orc!
You kill the orc!
Yredelemnul accepts your kill.
No target in view!
No target in view!
No target in view!
No target in view!
No target in view!
No target in view!
No target in view!
No target in view!
No target in view!
Items here: )) ††.
Found 23 arrows.
Found a stone staircase leading down.
An ogre comes into view. It is wielding a +0 giant spiked club.
An ogre is nearby!
The helpless ogre fails to defend itself.
You hit the ogre.
The ogre is poisoned.
The ogre is lightly wounded.
The ogre hits you with a +0 giant spiked club!!
You are too injured to fight recklessly!
You are too injured to fight recklessly!
You are too injured to fight recklessly!
You are too injured to fight recklessly!
You are too injured to fight recklessly!
You are too injured to fight recklessly!
You are too injured to fight recklessly!
You are too injured to fight recklessly!
You are too injured to fight recklessly!
You are too injured to fight recklessly!
You are too injured to fight recklessly!
You are too injured to fight recklessly!
You barely miss the ogre.
The ogre is moderately wounded.
The ogre hits you with a +0 giant spiked club!!
* * * LOW HITPOINT WARNING * * *
You sock the ogre! You freeze the ogre.
The ogre is severely wounded.
The ogre hits you with a +0 giant spiked club!
You die...
Your body rises from the dead as a mindless zombie.

...........##..♣
#.....................#
......................#
......... #............
.......###............ .
.......##...........#
... #....# #.#.........
.....#....###..#........
.......@.......##.......
.####.O.........###..)..
###.....(...# ###)..
#........># ###...
#.........###.....
##..$.....##......
.......##.........
...##.###.........
...[......


You could see an ogre (very poisoned).

Vanquished Creatures
  2 ogres (D:5)
  3 scorpions
  A killer bee (D:4)
  An orc priest (D:5)
  Crazy Yiuf (D:2)
  A bullfrog skeleton (D:3)
  Jessica (D:2)
  An orc wizard (D:5)
  An iguana (D:4)
  A killer bee zombie (D:5)
  A hound skeleton (D:4)
  9 adders
  A white imp (D:5)
  2 ufetubi
  2 adder skeletons
  2 worms (D:2)
  A dart slug (D:2)
  16 orcs
  6 bats
  11 endoplasms
  4 giant cockroaches (D:1)
  6 goblins
  9 hobgoblins
  4 jackals
  4 quokkas
  3 ball pythons
  3 frilled lizards
  8 kobolds
  10 rats
115 creatures vanquished.

Notes
Turn   | Place    | Note
-------+----------+-------------------------------------------
     0 | D:5      | EnegeticOcto the Djinni Delver began the quest for the Orb.
     0 | D:5      | Reached XP level 1. HP: 20/20 MP: 0/0
    38 | D:5      | Noticed an orc priest
   234 | D:5      | Reached skill level 2 in Long Blades
   264 | D:4      | Noticed a scorpion
   291 | D:4      | Noticed an iguana
   292 | D:4      | Noticed a scorpion
   589 | D:4      | Reached XP level 2. HP: 21/25 MP: 0/0
  1008 | D:2      | Reached skill level 3 in Long Blades
  1008 | D:2      | Reached XP level 3. HP: 20/30 MP: 0/0
  1008 | D:2      | Learned a level 1 spell: Summon Small Mammal
  1131 | D:2      | Noticed Jessica
  1827 | D:1      | Reached XP level 4. HP: 35/35 MP: 0/0
  2222 | D:1      | Found a faded altar of an unknown god.
  2225 | D:1      | Prayed at the altar of an unknown god.
  2225 | D:1      | Became a worshipper of Yredelemnul the Dark
  2225 | D:1      | Reached * piety under Yredelemnul
  2336 | D:2      | Killed Jessica
  2337 | D:2      | Reached skill level 4 in Long Blades
  2641 | D:2      | Found a runed translucent door.
  2642 | D:2      | Noticed Crazy Yiuf
  2691 | D:2      | Reached XP level 5. HP: 40/40 MP: 0/0
  2691 | D:2      | Learned a level 2 spell: Searing Ray
  3209 | D:2      | Killed Crazy Yiuf
  3461 | D:3      | Reached skill level 5 in Long Blades
  3658 | D:3      | Reached XP level 6. HP: 27/46 MP: 0/0
  3814 | D:3      | Reached ** piety under Yredelemnul
  3857 | D:3      | Found a burning altar of Makhleb.
  4067 | D:3      | Found a hide-covered altar of Uskayaw.
  4385 | D:4      | Reached skill level 4 in Fighting
  4534 | D:4      | Reached XP level 7. HP: 30/53 MP: 0/0
  4534 | D:4      | Learned a level 3 spell: Ozocubu's Armour
  4863 | D:4      | Reached skill level 5 in Fighting
  5927 | D:5      | Reached skill level 6 in Fighting
  6177 | D:5      | Reached XP level 8. HP: 46/62 MP: 0/0
  6180 | D:5      | Reached skill level 7 in Fighting
  6435 | D:6      | Slain by an ogre

Illustrated notes

Levels and vault maps discovered:
D:1:      dpeg_arrival_rhombi, layout_loops_ring,
          shapermc_ecumenical_altar_mp_vishouse,
          hangedman_abyss_or_decor_lesser_grid
D:2:      layout_loops_ring, minivault_19, uniq_jessica, uniq_crazy_yiuf_cottage
D:3:      layout_basic, lightli_temple_of_fire, lemuel_doored_altar,
          general_overflow_altar
D:4:      layout_loops_ring, minmay_fountain_box, st_stairs_14
D:5:      layout_rooms
D:6:      layout_cave_pools, elyvilon_altar_3, eino_tiny_chamber, uniq_eustachio

Skill      XL: |  1  2  3  4  5  6  7  8 |
---------------+-------------------------+-----
Long Blades    | 2 3 4 5 |  5.3
Fighting       | 4 6 7 |  7.1
Dodging        | |  2.1
Stealth        | |  4.1

Action                   |  1- 3 |  4- 6 |  7- 9 || total
-------------------------+-------+-------+-------++-------
Melee: Falchion          |    14 |       |       ||    14
       Dagger            |    75 |    59 |       ||   134
       Quarterstaff      |       |    68 |   112 ||   180
Throw: Dart              |     1 |       |       ||     1
  Use: Scroll            |     2 |     3 |     1 ||     6
       Potion            |       |     1 |       ||     1
 Stab: Sleeping          |     5 |    21 |     3 ||    29
       Distracted        |       |     1 |       ||     1
Armor: Leather armour    |    11 |    25 |    50 ||    86
Dodge: Dodged            |    53 |    51 |    92 ||   196

Table legend: (Time is in decaauts)
 A = Elapsed time spent in this place.
 B = Non-inter-level travel time spent in this place.
 C = Inter-level travel time spent in this place.
 D = Time resting spent in this place.
 E = Time spent auto-exploring this place.
 F = Levels seen in this place.
 G = Mean time per level.
                   A        B        C        D        E       F      G
               +--------+--------+--------+--------+--------+-----+--------+
         Total |   6491 |   6316 |    175 |    586 |   4432 |   6 | 1081.8 |
       Dungeon |   6491 |   6316 |    175 |    586 |   4432 |   6 | 1081.8 |
               +--------+--------+--------+--------+--------+-----+--------+

Top non-repeatable levels by time:
     D:3: 1409 daAuts
     D:4: 1362 daAuts
     D:1: 1353 daAuts
     D:2: 1175 daAuts
     D:5: 939 daAuts
     D:6: 251 daAuts
